TOP OF THE 1ST |
Albuquerque Isotopes batting - Pitching for Vancouver Vipers : RHP Gustavo Ramos
|
Pitching: RHP Gustavo Ramos
|
|
Batting: LHB David Griffin
|
0-0: Ball 1-0: Ball 2-0: Swinging Strike 2-1: Swinging Strike 2-2: Foul Ball, location: 2F 2-2: Fly out, F5 (Popup, 5SF)
|
Batting: LHB Fernando Ortíz
|
0-0: Ball 1-0: Called Strike 1-1: Called Strike 1-2: Ball 2-2: Ball 3-2: Strikes out swinging
|
Batting: RHB Edward Young
|
0-0: Ball 1-0: Ball 2-0: SINGLE (Line Drive, 7LS)
|
Batting: LHB Juan Carlos Sánchez
|
0-0: Ball 1-0: Ball Edward Young steals 2nd base 2-0: Called Strike 2-1: SINGLE (Groundball, 5D) Edward Young to third Runner from 3rd tries for Home, SAFE, no throw or cutoff
|
Batting: RHB Adrian Prouse
|
0-0: Swinging Strike 0-1: Fly out, F8 (Flyball, 8LS)
|
Top of the 1st over - 1 run(s), 2 hit(s), 0 error(s), 1 left on base; Albuquerque 1 - Vancouver 0 |
BOTTOM OF THE 1ST |
Vancouver Vipers batting - Pitching for Albuquerque Isotopes : RHP Jesús Silva
|
Pitching: RHP Jesús Silva
|
|
Batting: RHB Guillermo Sánchez
|
0-0: Ball 1-0: Foul Ball, location: 2F 1-1: Called Strike 1-2: Ball 2-2: Strikes out looking
|
Batting: RHB Kel Pierce
|
0-0: Ball 1-0: Ball 2-0: Called Strike 2-1: SINGLE (Line Drive, 56)
|
Batting: SHB Henry Copeland
|
0-0: Called Strike 0-1: Ball 1-1: Ball 2-1: Fly out, F8 (Flyball, 8LD)
|
Batting: RHB Xavier Feliciano
|
0-0: Foul Ball, location: 2F 0-1: Called Strike 0-2: Ball 1-2: Foul Ball, location: 2F 1-2: Ball Kel Pierce steals 2nd base 2-2: SINGLE (Groundball, 6MD) Kel Pierce to third Runner from 3rd tries for Home, SAFE, no throw or cutoff
|
Batting: LHB Mike Williams
|
0-0: Foul Ball, location: 2F 0-1: Swinging Strike 0-2: Ball 1-2: Strikes out swinging
|
Bottom of the 1st over - 1 run(s), 2 hit(s), 0 error(s), 1 left on base; Albuquerque 1 - Vancouver 1 |
TOP OF THE 2ND |
Albuquerque Isotopes batting - Pitching for Vancouver Vipers : RHP Gustavo Ramos
|
Batting: RHB Juan Alberto
|
0-0: Called Strike 0-1: Ball 1-1: Ground out 6-3 (Groundball, 56)
|
Batting: RHB Roberto Cardona
|
0-0: Called Strike 0-1: Called Strike 0-2: Strikes out swinging
|
Batting: RHB Len Burke
|
0-0: Called Strike 0-1: Ball 1-1: Ball 2-1: Swinging Strike 2-2: Strikes out swinging
|
Top of the 2nd over - 0 run(s), 0 hit(s), 0 error(s), 0 left on base; Albuquerque 1 - Vancouver 1 |
BOTTOM OF THE 2ND |
Vancouver Vipers batting - Pitching for Albuquerque Isotopes : RHP Jesús Silva
|
Batting: RHB Pedro Fuentes
|
0-0: SINGLE (Groundball, 34D)
|
Batting: RHB Lorenzo González
|
0-0: Grounds into double play, 5-4-3 (Groundball, 5L)
|
Batting: RHB Tomás Estrada
|
0-0: Fly out, F8 (Flyball, 8LS)
|
Bottom of the 2nd over - 0 run(s), 1 hit(s), 0 error(s), 0 left on base; Albuquerque 1 - Vancouver 1 |
TOP OF THE 3RD |
Albuquerque Isotopes batting - Pitching for Vancouver Vipers : RHP Gustavo Ramos
|
Batting: RHB Luis Martínez
|
0-0: Ball 1-0: Ball 2-0: Ball 3-0: Called Strike 3-1: Swinging Strike 3-2: Strikes out swinging, 2-3 out at first.
|
Batting: LHB David Griffin
|
0-0: Called Strike 0-1: Called Strike 0-2: Ball 1-2: Ball 2-2: Strikes out swinging
|
Batting: LHB Fernando Ortíz
|
0-0: Ball 1-0: Called Strike 1-1: Called Strike 1-2: Hit by Pitch
|
Batting: RHB Edward Young
|
0-0: Ball 1-0: Foul Ball, location: 2F 1-1: Foul Ball, location: 2F 1-2: Ball 2-2: Ball 3-2: Strikes out swinging
|
Top of the 3rd over - 0 run(s), 0 hit(s), 0 error(s), 1 left on base; Albuquerque 1 - Vancouver 1 |
BOTTOM OF THE 3RD |
Vancouver Vipers batting - Pitching for Albuquerque Isotopes : RHP Jesús Silva
|
Batting: RHB Kenneth Corbitt
|
0-0: Ball 1-0: Called Strike 1-1: Ball 2-1: Ball 3-1: Foul Ball, location: 2F 3-2: SINGLE (Line Drive, 4MD)
|
Batting: RHB Guillermo Sánchez
|
0-0: Called Strike 0-1: Foul Ball, location: 2F 0-2: Ball 1-2: Ball 2-2: SINGLE (Line Drive, 8LS) Kenneth Corbitt to second
|
Batting: RHB Kel Pierce
|
0-0: Swinging Strike 0-1: Fly out, F7 (Flyball, 7S)
|
Batting: SHB Henry Copeland
|
0-0: Swinging Strike 0-1: SINGLE (Line Drive, 8RS) Kenneth Corbitt to third Guillermo Sánchez to second Runner from 3rd tries for Home, SAFE, no throw or cutoff
|
Batting: RHB Xavier Feliciano
|
0-0: Called Strike 0-1: Ball 1-1: Foul Ball, location: 2F 1-2: Foul Ball, location: 2F 1-2: Foul Ball, location: 2F 1-2: Fly out, F7 (Flyball, 7LD) Runner from 2nd tags up, SAFE at 3rd, no throw
|
Batting: LHB Mike Williams
|
0-0: Called Strike 0-1: Fielders Choice at 2nd, U6 (Groundball, 6M)
|
Bottom of the 3rd over - 1 run(s), 3 hit(s), 0 error(s), 2 left on base; Albuquerque 1 - Vancouver 2 |
TOP OF THE 4TH |
Albuquerque Isotopes batting - Pitching for Vancouver Vipers : RHP Gustavo Ramos
|
Batting: LHB Juan Carlos Sánchez
|
0-0: Fly out, F7 (Flyball, 7M)
|
Batting: RHB Adrian Prouse
|
0-0: Called Strike 0-1: Ball 1-1: Foul Ball, location: 2F 1-2: Ground out 6-3 (Groundball, 6)
|
Batting: RHB Juan Alberto
|
0-0: Called Strike 0-1: Called Strike 0-2: Ball 1-2: Fly out, F7 (Flyball, 78D)
|
Top of the 4th over - 0 run(s), 0 hit(s), 0 error(s), 0 left on base; Albuquerque 1 - Vancouver 2 |
BOTTOM OF THE 4TH |
Vancouver Vipers batting - Pitching for Albuquerque Isotopes : RHP Jesús Silva
|
Batting: RHB Pedro Fuentes
|
0-0: Ball 1-0: Ball 2-0: Ball 3-0: Called Strike 3-1: Swinging Strike 3-2: Ground out 6-3 (Groundball, 6)
|
Batting: RHB Lorenzo González
|
0-0: Ball 1-0: Ball 2-0: Called Strike 2-1: Foul Ball, location: 2F 2-2: Fly out, F9 (Flyball, 9M)
|
Batting: RHB Tomás Estrada
|
0-0: Called Strike 0-1: Ball 1-1: DOUBLE (Line Drive, 5D)
|
Batting: RHB Kenneth Corbitt
|
0-0: Swinging Strike 0-1: Ball 1-1: Reached on Error, E9 (Flyball, 9S) Tomás Estrada scores
|
Batting: RHB Guillermo Sánchez
|
0-0: Ball 1-0: Called Strike 1-1: Ball 2-1: Called Strike 2-2: Foul Ball, location: 2F 2-2: Foul Ball, location: 2F 2-2: Foul Ball, location: 2F 2-2: Ball 3-2: Foul Ball, location: 2F 3-2: Foul Ball, location: 2F 3-2: Foul Ball, location: 2F 3-2: Base on Balls
|
Batting: RHB Kel Pierce
|
0-0: Ball 1-0: Ball 2-0: Foul Ball, location: 2F 2-1: Ball 3-1: Called Strike 3-2: Strikes out swinging
|
Bottom of the 4th over - 1 run(s), 1 hit(s), 1 error(s), 2 left on base; Albuquerque 1 - Vancouver 3 |
TOP OF THE 5TH |
Albuquerque Isotopes batting - Pitching for Vancouver Vipers : RHP Gustavo Ramos
|
Batting: RHB Roberto Cardona
|
0-0: SINGLE (Line Drive, 56)
|
Batting: RHB Len Burke
|
0-0: Ball Roberto Cardona steals 2nd base 1-0: Called Strike 1-1: Fly out, F5 (Popup, 56)
|
Batting: RHB Luis Martínez
|
0-0: Called Strike Roberto Cardona steals 3rd base 0-1: Ball 1-1: Swinging Strike 1-2: Ball 2-2: Foul Ball, location: 2F 2-2: Ball 3-2: Foul Ball, location: 2F 3-2: Strikes out looking
|
Batting: LHB David Griffin
|
0-0: SINGLE (Line Drive, 8RS) Roberto Cardona scores
|
Batting: LHB Fernando Ortíz
|
0-0: Called Strike 0-1: Ground out 3-1 (Groundball, 34S)
|
Top of the 5th over - 1 run(s), 2 hit(s), 0 error(s), 1 left on base; Albuquerque 2 - Vancouver 3 |
BOTTOM OF THE 5TH |
Vancouver Vipers batting - Pitching for Albuquerque Isotopes : RHP Jesús Silva
|
Pitching: RHP Manny Muńóz
|
|
Batting: SHB Henry Copeland
|
0-0: SOLO HOME RUN (Line Drive, 9LD), Distance : 374 ft
|
Batting: RHB Xavier Feliciano
|
0-0: Ball 1-0: Ball 2-0: SINGLE (Line Drive, 3)
|
Batting: LHB Mike Williams
|
0-0: Called Strike 0-1: Ball 1-1: Ball 2-1: Grounds into double play, U3-6 (Groundball, 3L)
|
Batting: RHB Pedro Fuentes
|
0-0: Called Strike 0-1: Swinging Strike 0-2: DOUBLE (Flyball, 89M)
|
Batting: RHB Lorenzo González
|
0-0: Foul Ball, location: 2F 0-1: Foul Ball, location: 2F 0-2: Ball Wild Pitch! Pedro Fuentes to third 1-2: Strikes out swinging
|
Bottom of the 5th over - 1 run(s), 3 hit(s), 0 error(s), 1 left on base; Albuquerque 2 - Vancouver 4 |
TOP OF THE 6TH |
Albuquerque Isotopes batting - Pitching for Vancouver Vipers : RHP Gustavo Ramos
|
Batting: RHB Edward Young
|
0-0: Swinging Strike 0-1: Swinging Strike 0-2: Ball 1-2: Strikes out swinging
|
Batting: LHB Juan Carlos Sánchez
|
0-0: Ground out 4-3 (Groundball, 4)
|
Batting: RHB Adrian Prouse
|
0-0: Called Strike 0-1: Foul Ball, location: 2F 0-2: Ball 1-2: Strikes out looking
|
Top of the 6th over - 0 run(s), 0 hit(s), 0 error(s), 0 left on base; Albuquerque 2 - Vancouver 4 |
BOTTOM OF THE 6TH |
Vancouver Vipers batting - Pitching for Albuquerque Isotopes : RHP Manny Muńóz
|
Batting: RHB Tomás Estrada
|
0-0: Ball 1-0: Called Strike 1-1: Ball 2-1: Ground out 4-3 (Groundball, 34)
|
Batting: RHB Kenneth Corbitt
|
0-0: Ball 1-0: Called Strike 1-1: Ball 2-1: Swinging Strike 2-2: Strikes out swinging
|
Batting: RHB Guillermo Sánchez
|
0-0: Ball 1-0: Foul Ball, location: 2F 1-1: Ground out 6-3 (Groundball, 6M)
|
Bottom of the 6th over - 0 run(s), 0 hit(s), 0 error(s), 0 left on base; Albuquerque 2 - Vancouver 4 |
TOP OF THE 7TH |
Albuquerque Isotopes batting - Pitching for Vancouver Vipers : RHP Gustavo Ramos
|
Pitching: RHP Ulric Duval
|
|
Batting: RHB Juan Alberto
|
0-0: Foul Ball, location: 2F 0-1: Foul Ball, location: 2F 0-2: Strikes out swinging
|
Batting: RHB Roberto Cardona
|
0-0: Called Strike 0-1: Ball 1-1: Ball 2-1: Ball 3-1: Foul Ball, location: 2F 3-2: SINGLE (Flyball, 89S)
|
Batting: RHB Len Burke
|
0-0: SINGLE (Flyball, 7LS) Roberto Cardona to second
|
Pinch Hitting: LHB Mark Vestal
|
0-0: Ball 1-0: Foul Ball, location: 2F 1-1: 3-RUN HOME RUN (Flyball, 78XD), Distance : 410 ft
|
Pitching: LHP Kai-ge Hui
|
|
Batting: LHB David Griffin
|
0-0: SINGLE (Line Drive, 89M)
|
Pitching: LHP Theron Lilly
|
|
Pinch Hitting: RHB Sze Qi
|
0-0: Called Strike 0-1: Ball 1-1: Foul Ball, location: 2F 1-2: Ball 2-2: Fly out, F8 (Flyball, 8LM)
|
Batting: RHB Edward Young
|
0-0: Fielders Choice at 2nd, U4 (Groundball, 4M)
|
Top of the 7th over - 3 run(s), 4 hit(s), 0 error(s), 1 left on base; Albuquerque 5 - Vancouver 4 |
BOTTOM OF THE 7TH |
Vancouver Vipers batting - Pitching for Albuquerque Isotopes : RHP Manny Muńóz
|
Pitching: LHP Dave Rice
|
|
Now at SS: Allen Parson
|
|
Now in RF: Mark Vestal
|
|
Batting: RHB Kel Pierce
|
0-0: Called Strike 0-1: Ball 1-1: Ball 2-1: Ground out 5-3 (Groundball, 56)
|
Batting: SHB Henry Copeland
|
0-0: Ground out 2-3 (Groundball, 25)
|
Batting: RHB Xavier Feliciano
|
0-0: Called Strike 0-1: Swinging Strike 0-2: Strikes out swinging
|
Bottom of the 7th over - 0 run(s), 0 hit(s), 0 error(s), 0 left on base; Albuquerque 5 - Vancouver 4 |
TOP OF THE 8TH |
Albuquerque Isotopes batting - Pitching for Vancouver Vipers : LHP Theron Lilly
|
Batting: LHB Juan Carlos Sánchez
|
0-0: Called Strike 0-1: Foul Ball, location: 2F 0-2: Fly out, F8 (Flyball, 8LXD)
|
Batting: RHB Adrian Prouse
|
0-0: Swinging Strike 0-1: Called Strike 0-2: Foul Ball, location: 2F 0-2: Ball 1-2: Strikes out looking
|
Batting: RHB Juan Alberto
|
0-0: Called Strike 0-1: Foul Ball, location: 2F 0-2: SINGLE (Line Drive, 78S)
|
Batting: RHB Roberto Cardona
|
0-0: Ball Juan Alberto is caught stealing 2nd base
|
Top of the 8th over - 0 run(s), 1 hit(s), 0 error(s), 0 left on base; Albuquerque 5 - Vancouver 4 |
BOTTOM OF THE 8TH |
Vancouver Vipers batting - Pitching for Albuquerque Isotopes : LHP Dave Rice
|
Pitching: LHP John Lane
|
|
Batting: LHB Mike Williams
|
0-0: Called Strike 0-1: Foul Ball, location: 2F 0-2: Ball 1-2: Foul Ball, location: 2F 1-2: Foul Ball, location: 2F 1-2: Ground out U3 (Groundball, 3)
|
Pitching: LHP Austin Wall
|
|
Batting: RHB Pedro Fuentes
|
0-0: Ball 1-0: Ball 2-0: Foul Ball, location: 2F 2-1: Foul Ball, location: 2F 2-2: Strikes out swinging
|
Pitching: RHP Arthur Smith
|
|
Batting: RHB Lorenzo González
|
0-0: Foul Ball, location: 2F 0-1: Ball 1-1: Called Strike 1-2: Strikes out swinging
|
Bottom of the 8th over - 0 run(s), 0 hit(s), 0 error(s), 0 left on base; Albuquerque 5 - Vancouver 4 |
TOP OF THE 9TH |
Albuquerque Isotopes batting - Pitching for Vancouver Vipers : LHP Theron Lilly
|
Pitching: RHP José García
|
|
Batting: RHB Roberto Cardona
|
0-0: Foul Ball, location: 2F 0-1: Swinging Strike 0-2: Ball 1-2: Strikes out swinging
|
Batting: RHB Len Burke
|
0-0: Called Strike 0-1: Foul Ball, location: 2F 0-2: Ball 1-2: Ball 2-2: Ball 3-2: Base on Balls
|
Batting: LHB Mark Vestal
|
0-0: Foul Ball, location: 2F 0-1: Called Strike 0-2: Ball 1-2: Ball 2-2: Strikes out swinging
|
Pinch Hitting: LHB Domingo Cardona
|
0-0: Fly out, F7 (Flyball, 78M)
|
Top of the 9th over - 0 run(s), 0 hit(s), 0 error(s), 1 left on base; Albuquerque 5 - Vancouver 4 |
BOTTOM OF THE 9TH |
Vancouver Vipers batting - Pitching for Albuquerque Isotopes : RHP Arthur Smith
|
Pitching: LHP Cris Quezada
|
|
Now at 2B: Jesús Cabral
|
|
Pinch Hitting: RHB Howard Lane
|
0-0: Foul Ball, location: 2F 0-1: Ball 1-1: Ball 2-1: Ball 3-1: Called Strike 3-2: Fly out, F9 (Flyball, 9LM)
|
Pinch Hitting: RHB Dan Tyler
|
0-0: Ball 1-0: Ball 2-0: Called Strike 2-1: Ball 3-1: DOUBLE (Line Drive, 7LM)
|
Batting: RHB Guillermo Sánchez
|
0-0: Ball 1-0: Foul Ball, location: 2F 1-1: SINGLE (Line Drive, 8LS) Dan Tyler to third Runner from 3rd tries for Home, SAFE, no throw or cutoff
|
Pinch Runner at 1st Malcolm Thomas:
|
|
Batting: RHB Kel Pierce
|
0-0: Foul Ball, location: 2F 0-1: Ball 1-1: Ball Malcolm Thomas steals 2nd base 2-1: Called Strike 2-2: DOUBLE (Line Drive, 89D) Malcolm Thomas scores
|
|